[Event "Titled Tuesday Blitz June 27 Early 2023"]
[White "Adla, Diego"]
[Black "Henriquez Villagra, Cristobal"]
[WhiteFideId "100072"]
[BlackFideId "3409350"]
[WhiteElo "2542"]
[BlackElo "2894"]
[Result "1/2-1/2"]
[Round "3"]
[TimeControl "180+2"]
[Date "2023.06.27"]
[WhiteClock "0:00:17"]
[BlackClock "0:00:13"]
[Board "74"]

1. c4 d6 2. d4 e5 3. Nc3 exd4 4. Qxd4 Nc6 5. Qd2 a5 6. g3 a4 7. Bg2 Be6 8. Nd5 Ne5 9. Qd4 c6 10. Ne3 Nf6 11. Nf3 Be7 12. O-O Qc7 13. b3 O-O 14. Rb1 axb3 15. axb3 Nfd7 16. Bb2 Bf6 17. Qd1 Nc5 18. Nd4 Bd7 19. h3 Rfe8 20. b4 Na4 21. Ba1 Nb6 22. Qc2 Ra3 23. Rfc1 Rxe3 24. fxe3 Nbxc4 25. Rb3 b5 26. Nf3 Qb6 27. Nxe5 Bxe5 28. Bxe5 Rxe5 29. Kh2 Nxe3 30. Qd3 Nc4 31. e4 h5 32. h4 Bg4 33. Rbc3 Be6 34. Qc2 Qd8 35. Rd1 g5 36. hxg5 Qxg5 37. Qc1 Qg6 38. Qf4 Rg5 39. Rxc4 bxc4 40. Rxd6 Rg4 41. Qe5 Qg5 42. Qxg5+ Rxg5 43. Rxc6 Rb5 44. Bh3 Bxh3 45. Kxh3 Rxb4 46. Kh4 Kf8 47. Kxh5 Ke7 48. e5 Kd7 49. Rc5 Ke6 50. g4 Ra4 51. Kg5 Rb4 52. Kf4 c3+ 53. Kf3 Rb3 54. Ke4 Rb4+ 55. Kf3 Rb3 56. Ke4 Rb4+ 57. Kf3 1/2-1/2


[Site "https://www.chess.com"]

[Event "Titled Tuesday Blitz June 27 Early 2023"]
[White "Chor, Kevin"]
[Black "Steinberg, Nitzan"]
[WhiteFideId "2090740"]
[BlackFideId "2801795"]
[WhiteElo "2538"]
[BlackElo "2887"]
[Result "0-1"]
[Round "3"]
[TimeControl "180+2"]
[Date "2023.06.27"]
[WhiteClock "0:00:03"]
[BlackClock "0:00:43"]
[Board "75"]

1. e4 c5 2. Nf3 e6 3. d4 cxd4 4. Nxd4 Nc6 5. Nc3 Qc7 6. Be3 a6 7. a3 Nf6 8. Be2 Be7 9. O-O O-O 10. Kh1 d6 11. f4 Bd7 12. Bf3 Na5 13. g4 Nc4 14. Bc1 h6 15. g5 hxg5 16. fxg5 Nh7 17. Rg1 Ne5 18. Be3 b5 19. h4 Rac8 20. Bg2 Bc6 21. Qe2 Bb7 22. Raf1 Qd7 23. Bh3 Rxc3 24. bxc3 Bxe4+ 25. Kh2 d5 26. h5 Bd6 27. Bf4 g6 28. h6 Rc8 29. Bg2 Nxg5 30. Bxg5 Nf3+ 31. Kh1 Nxg5 32. Bxe4 Nxe4 33. Rf3 Qe7 34. Qe1 Rc4 35. Rgf1 Qg5 36. h7+ Kh8 37. Ne2 Qh5+ 0-1


[Site "https://www.chess.com"]

[Event "Titled Tuesday Blitz June 27 Early 2023"]
[White "kuanysh1981"]
[Black "Bacrot, Etienne"]
[BlackFideId "605506"]
[WhiteElo "2537"]
[BlackElo "2868"]
[Result "0-1"]
[Round "3"]
[TimeControl "180+2"]
[Date "2023.06.27"]
[WhiteClock "0:00:22"]
[BlackClock "0:00:29"]
[Board "76"]

1. d4 Nf6 2. Nf3 g6 3. g3 Bg7 4. Bg2 O-O 5. O-O d6 6. c4 Nc6 7. Nc3 e5 8. dxe5 dxe5 9. Qxd8 Rxd8 10. Bg5 h6 11. Bxf6 Bxf6 12. Nd5 Bg7 13. Nxc7 Rb8 14. e4 Bg4 15. Nd5 Bxf3 16. Bxf3 Bf8 17. Rfd1 Kg7 18. Kg2 a5 19. Rac1 Bc5 20. h4 h5 21. Nc3 Bd4 22. Kf1 Nb4 23. a3 Nc6 24. Be2 Rf8 25. Bd3 Rbd8 26. Ke2 f5 27. exf5 gxf5 28. Bb1 e4 29. Rc2 f4 30. Nxe4 fxg3 31. fxg3 Rde8 32. Rcd2 Rf2+ 33. Kd3 Rf3+ 34. Kc2 Rxe4 35. Kc1 Rg4 36. Kc2 Rfxg3 37. Rd3 Rxd3 38. Rxd3 Rg2+ 0-1


[Site "https://www.chess.com"]

[Event "Titled Tuesday Blitz June 27 Early 2023"]
[White "slidingknight2775"]
[Black "Mekhitarian, Krikor Sevag"]
[BlackFideId "2107660"]
[WhiteElo "2531"]
[BlackElo "2849"]
[Result "0-1"]
[Round "3"]
[TimeControl "180+2"]
[Date "2023.06.27"]
[WhiteClock "0:00:00"]
[BlackClock "0:00:19"]
[Board "77"]

1. d4 Nf6 2. c4 g6 3. g3 d5 4. Nf3 dxc4 5. Qa4+ Nfd7 6. Qxc4 Nb6 7. Qc2 Bg7 8. Qd1 Nc6 9. e3 e5 10. Bg2 exd4 11. exd4 O-O 12. Be3 Nd5 13. O-O Re8 14. Re1 Nxe3 15. fxe3 Bf5 16. Nc3 Nb4 17. e4 Bg4 18. e5 Nc6 19. Ne2 Qd7 20. Qa4 Nxe5 21. Qxd7 Nxd7 22. h3 Bxf3 23. Bxf3 c6 24. Rad1 Rad8 25. Kg2 Nb6 26. b3 Rd7 27. Nf4 Rxe1 28. Rxe1 Bxd4 29. Rd1 Be5 30. Rxd7 Nxd7 31. Nd3 Bd6 32. g4 Kf8 33. Kf2 Ke7 34. Ke3 a5 35. a4 Ke6 36. Ne1 Ne5 37. Bg2 Bc5+ 38. Ke2 Nd7 39. Nd3 Bd6 40. Ke3 Nf6 41. g5 Nd5+ 42. Kd4 b6 43. h4 Ne7 44. Bh3+ f5 45. gxf6+ Kxf6 46. Ke4 Bg3 47. h5 gxh5 48. Kf3 Bd6 49. Nf2 Ke5 50. Ke2 Kd4 51. Kd2 Nd5 52. Nd1 Nf4 53. Bf5 h4 54. Ke1 h3 55. Nf2 h2 56. Be4 c5 57. Bf3 c4 58. bxc4 Kxc4 59. Ne4 Be7 60. Kf2 Bh4+ 61. Ke3 Nd5+ 62. Kd2 Kb4 63. Nd6 Nc3 64. Nc8 Nxa4 65. Nd6 Nc5 66. Nc8 Bd8 67. Na7 Ne6 68. Nc6+ Kc5 69. Ne5 Bc7 70. Nd3+ Kd4 71. Ne1 Ng5 72. Nc2+ Kc5 73. Bh1 b5 74. Ne1 a4 75. Nd3+ Kd4 76. Ne1 Ba5+ 0-1


[Site "https://www.chess.com"]

[Event "Titled Tuesday Blitz June 27 Early 2023"]
[White "Drozdowski, Kacper"]
[Black "Delorme, Axel"]
[WhiteFideId "1136720"]
[BlackFideId "632023"]
[WhiteElo "2843"]
[BlackElo "2530"]
[Result "1/2-1/2"]
[Round "3"]
[TimeControl "180+2"]
[Date "2023.06.27"]
[WhiteClock "0:00:15"]
[BlackClock "0:00:14"]
[Board "78"]

1. e4 c5 2. Nf3 d6 3. d4 cxd4 4. Nxd4 Nf6 5. f3 e5 6. Nb3 d5 7. Bg5 d4 8. c3 Nc6 9. Bb5 h6 10. Bh4 Qb6 11. Bxc6+ bxc6 12. Bf2 c5 13. cxd4 cxd4 14. O-O Ba6 15. Re1 Bb4 16. N1d2 O-O 17. f4 Rad8 18. fxe5 Nd7 19. Nf3 Rfe8 20. Nbxd4 Nxe5 21. Nxe5 Rxe5 22. Qa4 Bxe1 23. Rxe1 Qb7 24. Nf3 Re6 25. b3 Rde8 26. e5 Bb5 27. Qg4 Bc6 28. Bg3 Bxf3 29. gxf3 f6 30. f4 fxe5 31. fxe5 Qc6 32. Qe2 Kh8 33. Rf1 Qc5+ 34. Kg2 Rf8 35. Rd1 Qc6+ 36. Kg1 Rg6 37. Re1 Qc5+ 38. Kg2 Qc6+ 39. Kg1 Qc5+ 40. Kg2 Qc6+ 41. Qe4 Qe6 42. Rd1 Rg4 43. Qd5 Qg6 44. Rd2 Kh7 45. e6 Re8 46. Re2 Qf6 47. Qd3+ Rg6 48. h4 Rxe6 49. Rxe6 Qxe6 50. h5 Qc6+ 51. Kh2 Qe6 52. hxg6+ Qxg6 53. Qxg6+ Kxg6 54. Bf2 a6 55. Kg3 Kf5 56. Kf3 g5 57. b4 Ke5 58. a4 h5 59. Be3 g4+ 60. Kg3 Kd5 61. Bd2 Kc4 62. Be1 Kd5 63. Kh4 Kc4 64. Kg3 Kd5 65. Bd2 Kc4 66. Kf4 Kd5 67. Be1 Kc4 68. a5 Kb5 69. Kg3 Ka4 70. Kh4 Kb5 71. Kxh5 g3 72. Bxg3 Kxb4 73. Bc7 Kb5 74. Bb6 Kc6 75. Kg6 Kb7 76. Kf7 Ka8 77. Ke8 Kb7 78. Kd7 Ka8 79. Kc6 Kb8 80. Bc7+ Ka8 81. Bd6 Ka7 82. Bc5+ Ka8 83. Kb6 Kb8 84. Bd6+ Ka8 85. Be7 Kb8 86. Bc5 Ka8 87. Be7 Kb8 88. Bd6+ Ka8 89. Kxa6 1/2-1/2


[Site "https://www.chess.com"]

[Event "Titled Tuesday Blitz June 27 Early 2023"]
[White "Bharath Subramaniyam H"]
[Black "Chos, Alexey"]
[WhiteFideId "46634827"]
[BlackFideId "14117762"]
[WhiteElo "2830"]
[BlackElo "2530"]
[Result "0-1"]
[Round "3"]
[TimeControl "180+2"]
[Date "2023.06.27"]
[WhiteClock "0:00:08"]
[BlackClock "0:00:30"]
[Board "79"]

1. e4 e5 2. Nf3 Nc6 3. Bc4 Nf6 4. d3 Bc5 5. Nc3 O-O 6. O-O h6 7. Be3 Bb6 8. a4 d6 9. h3 Be6 10. Nd2 d5 11. exd5 Nxd5 12. Bxd5 Bxd5 13. Nxd5 Qxd5 14. Ne4 f5 15. Nc3 Qf7 16. Qb1 f4 17. Bxb6 axb6 18. f3 Nd4 19. Ne4 Kh7 20. c3 Nf5 21. Rf2 Qg6 22. Qa2 Rad8 23. Rd1 Ne3 24. Rdd2 Rd7 25. d4 exd4 26. cxd4 Rfd8 27. b3 Rxd4 28. Kh1 Nf5 29. Rxd4 Rxd4 30. Rd2 Rxd2 31. Qxd2 Ne3 32. Kg1 Qc6 33. g3 Qg6 34. g4 Qc6 35. Kf2 Qc2 36. Qxc2 Nxc2 37. Nc3 c6 38. Ne4 Nd4 39. b4 Nc2 40. b5 cxb5 41. axb5 Nd4 42. Nd6 Kg8 43. h4 Kf8 44. Nxb7 Nxb5 45. Nd8 Nd4 46. g5 hxg5 47. hxg5 Ke7 48. Nb7 Kd7 49. Ke1 Kc7 50. Kd2 Nxf3+ 51. Kd3 0-1


[Site "https://www.chess.com"]

[Event "Titled Tuesday Blitz June 27 Early 2023"]
[White "Harsh Suresh"]
[Black "Turzo, Attila"]
[WhiteFideId "45018464"]
[BlackFideId "704954"]
[WhiteElo "2813"]
[BlackElo "2528"]
[Result "1-0"]
[Round "3"]
[TimeControl "180+2"]
[Date "2023.06.27"]
[WhiteClock "0:00:15"]
[BlackClock "0:00:03"]
[Board "80"]

1. c4 Nf6 2. Nc3 g6 3. g3 Bg7 4. Bg2 O-O 5. Nf3 d6 6. d4 Nbd7 7. O-O e5 8. dxe5 Nxe5 9. Nxe5 dxe5 10. Qxd8 Rxd8 11. Be3 c6 12. h3 Be6 13. b3 Nd7 14. Rad1 Bf8 15. Ne4 Be7 16. Nd6 Bxd6 17. Rxd6 Kf8 18. Rfd1 Ke7 19. a4 f6 20. a5 a6 21. g4 Nf8 22. Bc5 Rxd6 23. Rxd6 Kf7 24. Rd2 Re8 25. e3 f5 26. g5 e4 27. Kh2 Nd7 28. Bd6 Nf8 29. Bc7 Bc8 30. h4 Nd7 31. Bd6 Ne5 32. Kg3 Rd8 33. Rd4 Re8 34. Bf1 Nf3 35. Rd1 Ne5 36. Be2 Nd7 37. b4 Nf8 38. Bc7 Ne6 39. Bb6 Re7 40. b5 Rd7 41. bxa6 bxa6 42. c5 Rxd1 43. Bxd1 Nf8 44. Be2 Nd7 45. Bc4+ Kg7 46. Kf4 h6 47. Bd8 h5 48. Be7 Nf8 49. Ke5 Nd7+ 50. Kd6 Nf8 51. Bxf8+ Kxf8 52. Kc7 1-0


[Site "https://www.chess.com"]

[Event "Titled Tuesday Blitz June 27 Early 2023"]
[White "Bruedigam, Martin"]
[Black "Remizov, Yaroslav"]
[WhiteFideId "24608033"]
[BlackFideId "34134015"]
[WhiteElo "2524"]
[BlackElo "2809"]
[Result "1/2-1/2"]
[Round "3"]
[TimeControl "180+2"]
[Date "2023.06.27"]
[WhiteClock "0:00:20"]
[BlackClock "0:00:22"]
[Board "82"]

1. d4 Nf6 2. c4 c5 3. d5 b5 4. cxb5 a6 5. b6 e6 6. Nc3 exd5 7. Nxd5 Nxd5 8. Qxd5 Nc6 9. Nf3 Rb8 10. e3 Qf6 11. Be2 Be7 12. O-O O-O 13. Rb1 Rxb6 14. b3 Nb4 15. Qd2 Bb7 16. a3 Nd5 17. Bb2 Qg6 18. Ne5 Qe6 19. e4 Nf6 20. Bc4 d5 21. exd5 Bxd5 22. Rfe1 Qd6 23. Bxd5 Qxd5 24. Qxd5 Nxd5 25. Rbd1 Rxb3 26. Nc4 Bf6 27. Rxd5 Bxb2 28. Nxb2 Rxb2 29. Rxc5 g6 30. Ra5 Rb6 31. g3 Rd8 32. Re3 Rd1+ 33. Kg2 Rf6 34. Rf3 Re6 35. h4 h5 36. Rf4 Rd3 37. Rfa4 Rdd6 38. Rf4 Rd2 39. Rfa4 Rf6 40. Rf4 Re6 41. Rfa4 Rdd6 42. Rf4 Kg7 43. Kf3 Rd3+ 44. Kg2 Rd2 45. Kg1 Rd1+ 46. Kg2 Rd2 47. Kg1 Rc6 48. Kg2 Ra2 49. Kg1 Rc3 50. Rxa6 Rcxa3 51. Rxa3 Rxa3 52. Kg2 Ra7 53. Kg1 Re7 54. Kg2 Rd7 55. Kg1 Re7 56. Kg2 Rd7 57. Kg1 Re7 1/2-1/2


[Site "https://www.chess.com"]

[Event "Titled Tuesday Blitz June 27 Early 2023"]
[White "Rodriguez, Santiago"]
[Black "Ohanyan, Emin"]
[WhiteFideId "3000591"]
[BlackFideId "13312022"]
[WhiteElo "2523"]
[BlackElo "2806"]
[Result "0-1"]
[Round "3"]
[TimeControl "180+2"]
[Date "2023.06.27"]
[WhiteClock "0:01:24"]
[BlackClock "0:00:06"]
[Board "83"]

1. d4 Nf6 2. Bg5 d5 3. Bxf6 gxf6 4. e3 c5 5. c4 dxc4 6. Bxc4 e6 7. Nc3 a6 8. d5 b5 9. Bb3 c4 10. Bc2 Bb7 11. e4 Bc5 12. dxe6 Qxd1+ 13. Rxd1 fxe6 14. Nge2 Ke7 15. O-O Nc6 16. Nf4 Nd4 17. Bb1 Rad8 18. Rfe1 Rhg8 19. Kf1 Bc6 20. Ncd5+ Kf7 21. Ne3 Bb4 22. e5 Bxe1 23. Rxe1 fxe5 24. Nh5 a5 25. a4 b4 26. Nxc4 Bxg2+ 27. Kg1 Nf3# 0-1


[Site "https://www.chess.com"]

[Event "Titled Tuesday Blitz June 27 Early 2023"]
[White "Kuzmin, Roman"]
[Black "Gharibyan, Mamikon"]
[WhiteFideId "44134932"]
[BlackFideId "13308300"]
[WhiteElo "2523"]
[BlackElo "2805"]
[Result "1/2-1/2"]
[Round "3"]
[TimeControl "180+2"]
[Date "2023.06.27"]
[WhiteClock "0:00:04"]
[BlackClock "0:00:05"]
[Board "84"]

1. e4 e6 2. d4 d5 3. Nc3 Nf6 4. Bg5 h6 5. Bxf6 Qxf6 6. exd5 Bb4 7. dxe6 Bxe6 8. Bd3 Bd5 9. Qg4 h5 10. Qc8+ Qd8 11. Qxd8+ Kxd8 12. f3 c5 13. O-O-O Bxc3 14. bxc3 cxd4 15. Be4 Bxe4 16. fxe4 Re8 17. Rxd4+ Kc7 18. Nf3 Nc6 19. Rd5 Rxe4 20. Rhd1 Re2 21. Rd7+ Kb6 22. Rxf7 Rxg2 23. Rdd7 Rb8 24. Rxg7 Rf2 25. Rdf7 a6 26. Rh7 Na5 27. Ne5 Rxf7 28. Rxf7 Rg8 29. Rf5 Rg1+ 30. Kb2 h4 31. Rh5 Re1 32. Nd3 Nc4+ 33. Kb3 Nd2+ 34. Ka3 Re4 35. Rh6+ Ka5 36. Nc5 Nc4+ 37. Kb3 Nd2+ 38. Kb2 Nc4+ 39. Kb3 Nd2+ 40. Kb2 Re7 41. Rxh4 Kb5 42. Nb3 Nc4+ 43. Kb1 Re1+ 44. Nc1 a5 45. a4+ Kc5 46. Rh5+ Kc6 47. h4 Na3+ 48. Kb2 Nc4+ 49. Kb3 Nd2+ 50. Kb2 Nc4+ 51. Kb1 Nd2+ 52. Kb2 Nc4+ 1/2-1/2


[Site "https://www.chess.com"]

[Event "Titled Tuesday Blitz June 27 Early 2023"]
[White "Vakhlamov, Igor L."]
[Black "Keleberda, Tymur"]
[WhiteFideId "24126748"]
[BlackFideId "14174294"]
[WhiteElo "2789"]
[BlackElo "2522"]
[Result "1-0"]
[Round "3"]
[TimeControl "180+2"]
[Date "2023.06.27"]
[WhiteClock "0:00:25"]
[BlackClock "0:00:04"]
[Board "85"]

1. e4 c5 2. Nf3 d6 3. Nc3 Nf6 4. d4 cxd4 5. Qxd4 a6 6. e5 Nc6 7. Qa4 dxe5 8. Nxe5 Bd7 9. Nxd7 Qxd7 10. Be3 e6 11. Rd1 Qc7 12. g3 Bb4 13. Bg2 O-O 14. O-O b5 15. Qb3 Be7 16. a4 Na5 17. Qa2 Rab8 18. axb5 axb5 19. Bf4 e5 20. Bxe5 Qxe5 21. Qxa5 Qh5 22. Rfe1 Bc5 23. h3 b4 24. Nd5 Nd7 25. Ne7+ Kh8 26. Rd5 Qh6 27. Rxd7 Bb6 28. Qf5 Rbe8 29. Rdd1 b3 30. cxb3 Rd8 31. Nd5 Ba7 32. Re7 Qa6 33. Be4 g6 34. Qe5+ f6 35. Qc7 1-0


[Site "https://www.chess.com"]

[Event "Titled Tuesday Blitz June 27 Early 2023"]
[White "Priasmoro, Novendra"]
[Black "Gamayev, Oleg"]
[WhiteFideId "7105029"]
[BlackFideId "2802813"]
[WhiteElo "2746"]
[BlackElo "2522"]
[Result "1-0"]
[Round "3"]
[TimeControl "180+2"]
[Date "2023.06.27"]
[WhiteClock "0:01:18"]
[BlackClock "0:02:10"]
[Board "86"]

1. e4 d6 2. d4 Nf6 3. Nc3 e5 4. Nf3 exd4 5. Nxd4 Be7 6. Bf4 O-O 7. Qd2 c6 8. O-O-O b5 9. f3 b4 10. Nce2 c5 11. Nb3 c4 12. Nbd4 d5 13. e5 Ne8 14. Kb1 Nc7 15. h4 Ne6 16. Nxe6 Bxe6 17. Nd4 Qb6 18. h5 Nc6 19. Nxc6 Qxc6 20. h6 g6 21. Bg5 c3 22. Qf4 Bxg5 23. Qxg5 Bf5 24. Bd3 Bxd3 25. Rxd3 cxb2 26. Qf6 Qxf6 27. exf6 Rfd8 28. Rhd1 Kf8 29. Rxd5 Ke8 30. Rxd8+ Rxd8 31. Rxd8+ Kxd8 32. Kxb2 Kd7 33. Kb3 Ke6 34. Kxb4 Kxf6 35. c4 Ke5 36. Kc5 g5 37. Kc6 f5 38. c5 g4 39. fxg4 fxg4 40. Kd7 Kf4 41. c6 Kg3 42. c7 Kxg2 43. c8=Q 1-0


[Site "https://www.chess.com"]

[Event "Titled Tuesday Blitz June 27 Early 2023"]
[White "Tanenbaum, Zachary"]
[Black "Mogirzan, Matei-Valeriu"]
[WhiteFideId "2060850"]
[BlackFideId "1257455"]
[WhiteElo "2735"]
[BlackElo "2522"]
[Result "1-0"]
[Round "3"]
[TimeControl "180+2"]
[Date "2023.06.27"]
[WhiteClock "0:00:31"]
[BlackClock "0:00:00"]
[Board "87"]

1. e4 c5 2. Nf3 e6 3. d4 cxd4 4. Nxd4 Nc6 5. Nc3 Nf6 6. Ndb5 d6 7. Bf4 e5 8. Bg5 a6 9. Na3 Be7 10. Bxf6 Bxf6 11. Nc4 Be7 12. Nd5 Be6 13. Nxe7 Kxe7 14. c3 Re8 15. Qd2 Kf8 16. Qxd6+ Qxd6 17. Nxd6 Red8 18. O-O-O Bxa2 19. Nxb7 Rdb8 20. Nc5 Rd8 21. Bxa6 Na5 22. Bb5 Rdc8 23. Nd7+ Ke7 24. Nb6 Nb3+ 25. Kc2 Nd4+ 26. Rxd4 exd4 27. Nxc8+ Rxc8 28. Ra1 Be6 29. f4 dxc3 30. bxc3 f5 31. e5 Bd5 32. g3 g6 33. Ra7+ Ke6 34. Bd7+ 1-0


[Site "https://www.chess.com"]

[Event "Titled Tuesday Blitz June 27 Early 2023"]
[White "Berezin, Viktor"]
[Black "Klukin, Kirill"]
[WhiteFideId "14107872"]
[BlackFideId "24199273"]
[WhiteElo "2519"]
[BlackElo "2731"]
[Result "0-1"]
[Round "3"]
[TimeControl "180+2"]
[Date "2023.06.27"]
[WhiteClock "0:00:02"]
[BlackClock "0:00:14"]
[Board "88"]

1. d4 Nf6 2. Nf3 b6 3. g3 Bb7 4. Bg2 e6 5. O-O d5 6. c4 c6 7. Qc2 Be7 8. b3 O-O 9. Bb2 a5 10. Nbd2 Na6 11. a3 Rc8 12. Ne5 Nd7 13. Nxd7 Qxd7 14. Rac1 c5 15. dxc5 Nxc5 16. Qb1 dxc4 17. Bxb7 Qxb7 18. Rxc4 Rfd8 19. Nf3 Qd5 20. Rg4 g6 21. Ne5 f5 22. Nxg6 hxg6 23. Rxg6+ Kf7 24. Rg7+ Ke8 25. Rg8+ Kf7 26. Rg7+ Kf8 27. Qc1 Qd2 28. Qb1 Qxe2 29. Rh7 Ne4 30. Rh8+ Kf7 31. Rh7+ Ke8 32. Rh8+ Kd7 33. Qd1+ Qxd1 34. Rxd1+ Kc6 35. Rc1+ Kb7 36. Rh7 Rxc1+ 37. Bxc1 Rd7 38. Bb2 Kc6 39. h3 Nc5 40. b4 axb4 41. axb4 Nd3 42. Bc3 Bxb4 43. Rxd7 Kxd7 44. Bd4 Bc5 45. Bc3 Nxf2 46. h4 Ne4+ 0-1


[Site "https://www.chess.com"]

[Event "Titled Tuesday Blitz June 27 Early 2023"]
[White "Boruchovsky, Avital"]
[Black "Liu, Casper"]
[WhiteFideId "2800055"]
[BlackFideId "1454153"]
[WhiteElo "2727"]
[BlackElo "2516"]
[Result "1-0"]
[Round "3"]
[TimeControl "180+2"]
[Date "2023.06.27"]
[WhiteClock "0:02:30"]
[BlackClock "0:02:12"]
[Board "89"]

1. d4 Nf6 2. Nc3 a6 3. e4 d6 4. a4 g6 5. Be2 Bg7 6. h4 O-O 7. h5 c5 8. hxg6 hxg6 9. Bh6 Bxh6 10. Rxh6 Kg7 11. Rh1 cxd4 12. Qxd4 Nc6 13. Qd2 Rh8 14. Rxh8 Qxh8 15. O-O-O Be6 16. f4 b5 17. f5 Bd7 18. fxg6 Kxg6 19. Nf3 bxa4 20. Qg5+ 1-0


[Site "https://www.chess.com"]

[Event "Titled Tuesday Blitz June 27 Early 2023"]
[White "Droin, Augustin"]
[Black "Goltsev, Dmitry"]
[WhiteFideId "45105987"]
[BlackFideId "24176710"]
[WhiteElo "2515"]
[BlackElo "2725"]
[Result "1-0"]
[Round "3"]
[TimeControl "180+2"]
[Date "2023.06.27"]
[WhiteClock "0:00:17"]
[BlackClock "0:00:03"]
[Board "90"]

1. e4 e6 2. d4 d5 3. exd5 exd5 4. Nf3 Nf6 5. Bd3 c5 6. O-O Be7 7. c3 O-O 8. h3 Nc6 9. Be3 cxd4 10. Nxd4 Bd6 11. Nd2 Re8 12. Re1 a6 13. Qc2 Bc7 14. Nxc6 bxc6 15. Bg5 Be6 16. Bxh7+ Kf8 17. Bf5 Qd6 18. Nf3 Ne4 19. Bxe4 dxe4 20. Qxe4 Bd5 21. Qd3 f6 22. Bh4 Qc5 23. Nd4 Rad8 24. Bg3 Bb6 25. Qh7 Bg8 26. Qh8 Qd5 27. Nf3 Qf5 28. Qh4 Bf7 29. Qf4 Qc2 30. Qb4+ Kg8 31. Qxb6 Rf8 32. Rac1 Qa4 33. Nd4 Qxa2 34. Nf5 Rfe8 35. Ne7+ Kh7 36. Qb4 g5 37. Nxc6 Rc8 38. Nd4 Qd5 39. Qd6 Qb7 40. Qxf6 Bd5 41. Nf5 Bxg2 42. Qh6+ Kg8 43. Nd6 Qc6 44. Qxg5+ Kh7 45. Rxe8 Bh1 46. Re7+ Kh8 47. Be5# 1-0


[Site "https://www.chess.com"]

[Event "Titled Tuesday Blitz June 27 Early 2023"]
[White "Cherniaiev, Tykhon"]
[Black "tetrix83"]
[WhiteFideId "14182360"]
[WhiteElo "2706"]
[BlackElo "2514"]
[Result "1/2-1/2"]
[Round "3"]
[TimeControl "180+2"]
[Date "2023.06.27"]
[WhiteClock "0:00:06"]
[BlackClock "0:00:12"]
[Board "91"]

1. Nf3 Nf6 2. d4 g6 3. c4 Bg7 4. g3 O-O 5. Bg2 d6 6. O-O c6 7. Nc3 Bf5 8. b3 Ne4 9. Nxe4 Bxe4 10. Bb2 d5 11. Ne1 Bxg2 12. Nxg2 e6 13. Qd2 Nd7 14. Rfd1 Re8 15. Qc2 Rc8 16. e4 Nf6 17. e5 Ne4 18. Ne3 h5 19. f3 Ng5 20. Kg2 b5 21. h4 Nh7 22. Rac1 f5 23. f4 Bf8 24. Qe2 Qa5 25. Bc3 Qa6 26. Be1 Ba3 27. Rc2 bxc4 28. bxc4 Rb8 29. Bc3 Nf8 30. Bb2 Be7 31. Bc3 Nd7 32. Rdc1 Rb7 33. cxd5 Qxe2+ 34. Rxe2 cxd5 35. Ba5 Reb8 36. Rc6 Kf7 37. Rec2 Rb2 38. Rxb2 Rxb2+ 39. Rc2 Rxc2+ 40. Nxc2 Nb8 41. Kf3 Nc6 42. Bc3 Ke8 43. Ke2 Kd7 44. Kd3 Kc7 45. Bd2 Kb6 46. Kc3 Kb5 47. Kb3 Na5+ 48. Bxa5 Kxa5 49. a4 Bf8 50. Ne1 Bb4 51. Nd3 Bd2 52. Nc5 Be1 53. Nxe6 Bxg3 54. Nf8 Bxh4 55. Nxg6 Bd8 56. e6 h4 57. Ne5 h3 58. Nc6+ Kb6 59. Nxd8 Kc7 60. Nf7 h2 61. e7 Kd7 62. Nd6 h1=Q 63. e8=Q+ Kxd6 64. Qe5+ Kc6 65. Qe6+ Kc7 66. Qe7+ Kc6 67. Qc5+ Kb7 68. Qb5+ Kc7 69. Qc5+ Kb7 70. Qe7+ Kc6 71. Qf6+ Kb7 72. Qe7+ Kb6 73. a5+ Ka6 74. Qd6+ Kxa5 75. Qc5+ Ka6 76. Qc6+ Ka5 77. Qc5+ Ka6 78. Qc6+ Ka5 79. Qc5+ 1/2-1/2


[Site "https://www.chess.com"]

[Event "Titled Tuesday Blitz June 27 Early 2023"]
[White "Matyukov, Petr"]
[Black "Ajay Karthikeyan"]
[WhiteFideId "4103688"]
[BlackFideId "35011685"]
[WhiteElo "2513"]
[BlackElo "2699"]
[Result "0-1"]
[Round "3"]
[TimeControl "180+2"]
[Date "2023.06.27"]
[WhiteClock "0:00:00"]
[BlackClock "0:00:56"]
[Board "92"]

1. d4 Nf6 2. c4 g6 3. h4 c5 4. d5 b5 5. cxb5 a6 6. e3 axb5 7. Bxb5 Bg7 8. Nc3 O-O 9. Nf3 Qa5 10. O-O d6 11. a4 Bg4 12. Bd2 Nbd7 13. Ne4 Qb6 14. Nxf6+ Nxf6 15. Bc3 Ra7 16. Ra3 Bd7 17. Rb3 Qb7 18. Bc6 Qc7 19. Bxd7 Qxd7 20. a5 Ne4 21. Bxg7 Kxg7 22. Qd3 Nf6 23. Ra1 Rfa8 24. Rba3 Qb7 25. Nd2 Qxd5 26. Qxd5 Nxd5 27. Nc4 Ra6 28. Rb3 Nb4 29. Rba3 R8a7 30. Ra4 Nc6 31. R1a3 d5 32. Nb6 e6 33. Nc8 Rb7 34. Nd6 Rb8 35. Rc3 c4 36. Nb5 Rxb5 0-1


[Site "https://www.chess.com"]

[Event "Titled Tuesday Blitz June 27 Early 2023"]
[White "Fromm, Marius"]
[Black "Gogolev, Artem"]
[WhiteFideId "12993190"]
[BlackFideId "4116615"]
[WhiteElo "2699"]
[BlackElo "2512"]
[Result "1-0"]
[Round "3"]
[TimeControl "180+2"]
[Date "2023.06.27"]
[WhiteClock "0:02:31"]
[BlackClock "0:01:31"]
[Board "93"]

1. e4 c6 2. d4 d5 3. exd5 cxd5 4. Bd3 Nc6 5. c3 e6 6. Nf3 Bd6 7. O-O Nge7 8. Re1 O-O 9. Na3 Re8 10. Bxh7+ Kxh7 11. Ng5+ Kg6 12. Qg4 Kf6 13. Nh7# 1-0


[Site "https://www.chess.com"]

[Event "Titled Tuesday Blitz June 27 Early 2023"]
[White "Volkov, Maksim"]
[Black "Principe, Gerson"]
[WhiteFideId "54123070"]
[BlackFideId "3804550"]
[WhiteElo "2698"]
[BlackElo "2509"]
[Result "1-0"]
[Round "3"]
[TimeControl "180+2"]
[Date "2023.06.27"]
[WhiteClock "0:00:06"]
[BlackClock "0:00:00"]
[Board "94"]

1. d4 Nf6 2. c4 e6 3. g3 d5 4. Bg2 Bb4+ 5. Bd2 Be7 6. Nf3 O-O 7. O-O c6 8. Qc2 b6 9. Rc1 Ba6 10. b3 Nbd7 11. a4 Ne4 12. Be1 f5 13. a5 c5 14. e3 Bd6 15. Nc3 Ndf6 16. Ne2 Qe7 17. Ne5 Rfc8 18. Qb2 cxd4 19. exd4 Nd7 20. f3 Nef6 21. Nd3 Rc7 22. Nef4 dxc4 23. bxc4 Rxc4 24. Qa2 Rxc1 25. Rxc1 Bxd3 26. Nxd3 Nd5 27. f4 Qf7 28. Ne5 Bxe5 29. dxe5 Nc5 30. axb6 Nd3 31. Rd1 Nxe1 32. Rxe1 Qb7 33. Bxd5 exd5 34. bxa7 Qxa7+ 35. Qxa7 Rxa7 36. Rd1 Ra5 37. Kf2 Kf7 38. Ke3 Ke6 39. Rd3 Ra2 40. h3 Rg2 41. Kd4 Rc2 42. Rb3 Rc4+ 43. Kd3 g6 44. Rb6+ Ke7 45. Rb7+ Ke6 46. Rxh7 Ra4 47. g4 Ra3+ 48. Kd4 Ra4+ 49. Ke3 Ra3+ 50. Kf2 Rxh3 51. Rxh3 1-0


[Site "https://www.chess.com"]

[Event "Titled Tuesday Blitz June 27 Early 2023"]
[White "Bagwe Gaurang"]
[Black "Petrosian, Karlen"]
[WhiteFideId "45039895"]
[BlackFideId "4176146"]
[WhiteElo "2509"]
[BlackElo "2697"]
[Result "0-1"]
[Round "3"]
[TimeControl "180+2"]
[Date "2023.06.27"]
[WhiteClock "0:00:30"]
[BlackClock "0:00:33"]
[Board "95"]

1. c4 g6 2. d4 Bg7 3. Nc3 d6 4. e4 Nf6 5. Be2 O-O 6. Nf3 e5 7. d5 a5 8. h3 Na6 9. a3 Nc5 10. Qc2 a4 11. Be3 Nb3 12. Rd1 Bd7 13. O-O Nh5 14. Nd2 Nd4 15. Qd3 Nf4 16. Bxf4 exf4 17. Bg4 f5 18. exf5 Nxf5 19. Nde4 h5 20. Bf3 b6 21. Rfe1 Kh7 22. Ne2 Be5 23. N4c3 Nh4 24. Be4 f3 25. Ng3 Bxg3 26. fxg3 f2+ 27. Kh2 fxe1=Q 28. Rxe1 Nf5 29. Rh1 Qf6 30. g4 Ng7 31. Bf3 Rae8 32. gxh5 Qf4+ 33. Kg1 Re1+ 34. Kf2 Rxh1 35. Qxg6+ Kh8 36. h6 Nf5 37. Ne2 Qe3# 0-1


[Site "https://www.chess.com"]